Map: Ephemeron LE

Players

Ratl

  • Race: Zerg Zerg
  • Spawn Location: 5:00

VOD

Have the link to the VOD?

Description

Time

  • Played on: Nov. 6, 2019, 1:17 p.m.
  • Length: 8:26
Show
View Real Time Build Order
Export as new Build Order

Ratl Zerg 

Build Orders:  

Get SALT Encoding   

  12  0:10  Drone  
  12  0:18  Overlord  
  13  0:30  Overlord  
  13  0:36  Drone  
  14  1:04  Spawning Pool  
  13  1:11  Extractor  
  13  1:12  Drone  
  13  1:17  Drone  
  14  1:26  Drone  
  15  1:48  Drone x2  
  17  2:21  Drone x2  
  17  2:22  Hatchery  
  18  2:32  Queen  
  20  3:10  Drone x2  
  20  3:11  Drone  
  23  3:46  Roach Warren  
  22  3:51  Drone x2  
  24  4:14  Drone x2  
  24  4:15  Zergling x4  
  28  4:21  Overlord  
  28  4:55  Drone x3  
  31  5:00  Overlord x2  
  31  5:11  Roach  
  33  5:26  Lair  
  33  5:41  Queen  
  35  5:59  Drone x3  
  38  6:03  Roach  
  38  6:04  Roach x2  
  44  6:17  Drone  
  44  6:18  Metabolic Boost  
  45  6:21  Drone  
  45  6:28  Glial Reconstitution  
  46  6:31  Queen  
  48  6:49  Drone x2  
  50  7:00  Roach  
  50  7:04  Overlord  
  52  7:25  Overlord  
  52  7:27  Overlord  
  52  7:38  Zergling x2  
  53  7:42  Drone  
  53  7:43  Zergling x4  
  53  7:45  Zergling x2  
  57  8:16  Spine Crawler  
Tags
 
Add a new tag
Caveats
  • Supply blocks, unpowered buildings, or Contaminate may cause inaccurate times.
  • Supply counts are checked every 10 seconds.